Workbook

Sheet Reporting
A2: BUDGET ET REALISE 2018 2019
B5: Codes comptables | C5: Budget 2018-2019 | D5: Réalisé au 30 novembre 2018
A7: Colonne1 | B7: Colonne2 | C7: Colonne3 | D7: Colonne4
A8: CHARGES D'EXPLOITATION
A10: Charges externes
A11: Energie | B11: 606100, 606101 | C11: 4500 | D11: =IFERROR(GETPIVOTDATA("SOLDE",TCD!$A$3,"Libellé",T_Reporting[[#This Row],[Colonne1]]),0) -> 2123.63
A12: Fournitures administratives; petit matériel | B12: 606300, 606400, 606500 | C12: 5500 | D12: =IFERROR(GETPIVOTDATA("SOLDE",TCD!$A$3,"Libellé",T_Reporting[[#This Row],[Colonne1]]),0) -> 2254.66
A13: Prestations enseignement | B13: 604820 | C13: 24400 | D13: =IFERROR(GETPIVOTDATA("SOLDE",TCD!$A$3,"Libellé",T_Reporting[[#This Row],[Colonne1]]),0) -> 4749
A14: Loyers immobiliers, locations | B14: 612200, 613201, 613202, 613203, 613204, 613205, 613207, 613500, 614001, 614002, 614003, 614005, 614006, | C14: 74000 | D14: =IFERROR(GETPIVOTDATA("SOLDE",TCD!$A$3,"Libellé",T_Reporting[[#This Row],[Colonne1]]),0) -> 19382.17
A15: Entretien et réparations | B15: 615200, 615500 | C15: 5370 | D15: =IFERROR(GETPIVOTDATA("SOLDE",TCD!$A$3,"Libellé",T_Reporting[[#This Row],[Colonne1]]),0) -> 1394.95
A16: Maintenance informatique | B16: 615600 | C16: 75000 | D16: =IFERROR(GETPIVOTDATA("SOLDE",TCD!$A$3,"Libellé",T_Reporting[[#This Row],[Colonne1]]),0) -> 8658.86
A17: Primes d'assurance | B17: 616001, 616003 | C17: 900 | D17: =IFERROR(GETPIVOTDATA("SOLDE",TCD!$A$3,"Libellé",T_Reporting[[#This Row],[Colonne1]]),0) -> 3625.05
A18: Documentation | B18: 618100, 618300 | C18: 4900 | D18: =IFERROR(GETPIVOTDATA("SOLDE",TCD!$A$3,"Libellé",T_Reporting[[#This Row],[Colonne1]]),0) -> 70.69
A19: Etudes et recherches | C19: 0 | D19: =IFERROR(GETPIVOTDATA("SOLDE",TCD!$A$3,"Libellé",T_Reporting[[#This Row],[Colonne1]]),0) -> 0
A20: Honoraires et frais d'actes | B20: 622600, 622610, 622620, 622700 | C20: 60500 | D20: =IFERROR(GETPIVOTDATA("SOLDE",TCD!$A$3,"Libellé",T_Reporting[[#This Row],[Colonne1]]),0) -> 22013.48
A21: Inscription colloque | B21: 618500 | C21: 1000 | D21: =IFERROR(GETPIVOTDATA("SOLDE",TCD!$A$3,"Libellé",T_Reporting[[#This Row],[Colonne1]]),0) -> 109.16
A22: Organisation salon | B22: 623302 | C22: 150000 | D22: =IFERROR(GETPIVOTDATA("SOLDE",TCD!$A$3,"Libellé",T_Reporting[[#This Row],[Colonne1]]),0) -> 3990
A23: Référentiel qualité | C23: 0 | D23: =IFERROR(GETPIVOTDATA("SOLDE",TCD!$A$3,"Libellé",T_Reporting[[#This Row],[Colonne1]]),0) -> 0
A24: Personnel extérieur/droits d'auteurs | C24: 0 | D24: =IFERROR(GETPIVOTDATA("SOLDE",TCD!$A$3,"Libellé",T_Reporting[[#This Row],[Colonne1]]),0) -> 0
A25: Annonces et insertions | B25: 623100 | C25: 24000 | D25: =IFERROR(GETPIVOTDATA("SOLDE",TCD!$A$3,"Libellé",T_Reporting[[#This Row],[Colonne1]]),0) -> 8793.04
A26: Frais de campagne des dons | B26: 623202, 623203, 623205, 623206 | C26: 147500 | D26: =IFERROR(GETPIVOTDATA("SOLDE",TCD!$A$3,"Libellé",T_Reporting[[#This Row],[Colonne1]]),0) -> 18891.28
A27: Frais de communication | B27: 622630, 623601, 623602 | C27: 93500 | D27: =IFERROR(GETPIVOTDATA("SOLDE",TCD!$A$3,"Libellé",T_Reporting[[#This Row],[Colonne1]]),0) -> 37223.2
A28: Missions, réceptions, déplacements | B28: 623400, 624100, 625100, 625101, 625102, 625103, 625105, 625107, 625108, 625600 | C28: 42500 | D28: =IFERROR(GETPIVOTDATA("SOLDE",TCD!$A$3,"Libellé",T_Reporting[[#This Row],[Colonne1]]),0) -> 6274.96
A29: Frais postaux,internet et téléphone | B29: 626100, 626300, 626500 | C29: 17000 | D29: =IFERROR(GETPIVOTDATA("SOLDE",TCD!$A$3,"Libellé",T_Reporting[[#This Row],[Colonne1]]),0) -> 3209.07
A30: Services bancaires | B30: 627100, 627800, 627802 | C30: 8000 | D30: =IFERROR(GETPIVOTDATA("SOLDE",TCD!$A$3,"Libellé",T_Reporting[[#This Row],[Colonne1]]),0) -> 1902.79
A31: Impôts, taxes et versements assimilés | C31: 2000 | D31: =IFERROR(GETPIVOTDATA("SOLDE",TCD!$A$3,"Libellé",T_Reporting[[#This Row],[Colonne1]]),0) -> 0
A32: Cotisations-réseaux influence | B32: 628100 | C32: 3300 | D32: =IFERROR(GETPIVOTDATA("SOLDE",TCD!$A$3,"Libellé",T_Reporting[[#This Row],[Colonne1]]),0) -> 0
A33: Total charges externes | C33: =SUM(C11:C32) -> 743870 | D33: =SUM(D11:D32) -> 144665.99
A36: Coût du personnel
A37: Taxes sur les salaires et part. formation | B37: 631100, 633300, 648000 | D37: =IFERROR(GETPIVOTDATA("SOLDE",TCD!$A$3,"Libellé",T_Reporting[[#This Row],[Colonne1]]),0) -> 13697.07
A38: Rémunérations du personnel | B38: 641100, 641200, 641400, 641430, 641440 | D38: =IFERROR(GETPIVOTDATA("SOLDE",TCD!$A$3,"Libellé",T_Reporting[[#This Row],[Colonne1]]),0) -> 130373.48
A39: Charges sociales | B39: 645100, 645200, 645300, 645305, 645320, 645400, 645810, 645820, 647000, 647410, 647500, 648000 | D39: =IFERROR(GETPIVOTDATA("SOLDE",TCD!$A$3,"Libellé",T_Reporting[[#This Row],[Colonne1]]),0) -> 56652.38
A40: Total coût du personnel | C40: =SUM(C37:C39) -> 0 | D40: =SUM(D37:D39) -> 200722.93
D42: =SUM(D33,D40) -> 345388.92 | E42: Somme tableau
D43: =GETPIVOTDATA("SOLDE",TCD!$A$3) -> 372223.04 | E43: résultat TCD
D44: =D43-D42 -> 26834.12 | E44: Ecart (voir Feuil3)

Sheet Extraction logiciel compta
A1: DATE | B1: JOURNAL | C1: CODE COMPTABLE | D1: LIBELLE ECRITURE | E1: DEBIT | F1: CREDIT | G1: SOLDE | H1: LIBELLE CODE COMPTABLE
A2: 43349 | B2: HA2 | C2: 604820 | D2: R LE ROUX-MION 2EME SEANCE DU 16/12/2017 | E2: 150 | F2: 0 | G2: =E2-F2 -> 150 | H2: PRESTATIONS DE SERVICE ENSEIGN
A3: 43349 | B3: HA2 | C3: 604820 | D3: R LE ROUX-MION 3EME SEANCE DU 03/02/2018 | E3: 150 | F3: 0 | G3: =E3-F3 -> 150 | H3: PRESTATIONS DE SERVICE ENSEIGN
A4: 43349 | B4: HA2 | C4: 604820 | D4: R LE ROUX-MION 4EME SEANCE DU 24/03/2018 | E4: 150 | F4: 0 | G4: =E4-F4 -> 150 | H4: PRESTATIONS DE SERVICE ENSEIGN
A5: 43349 | B5: HA2 | C5: 604820 | D5: R LE ROUX-MION 5EME SEANCE DU 05/05/2018 | E5: 150 | F5: 0 | G5: =E5-F5 -> 150 | H5: PRESTATIONS DE SERVICE ENSEIGN
A6: 43358 | B6: HA2 | C6: 604820 | D6: TUTORAT ET ENTRETIENS C DESOMBES ET B SOREL | E6: 160 | F6: 0 | G6: =E6-F6 -> 160 | H6: PRESTATIONS DE SERVICE ENSEIGN
A7: 43372 | B7: HA2 | C7: 604820 | D7: PRESENTATION PEDAGOGIE MONTESSORI TDJM | E7: 300 | F7: 0 | G7: =E7-F7 -> 300 | H7: PRESTATIONS DE SERVICE ENSEIGN
A8: 43369 | B8: HA2 | C8: 604820 | D8: PREPARER STRATEGIQUEMENT SON ANNEE 24/09 L BOURDIN | E8: 550 | F8: 0 | G8: =E8-F8 -> 550 | H8: PRESTATIONS DE SERVICE ENSEIGN
A9: 43402 | B9: HA2 | C9: 604820 | D9: PRESTATION DU 24/10 L'ART ORATOIRE | E9: 930 | F9: 0 | G9: =E9-F9 -> 930 | H9: PRESTATIONS DE SERVICE ENSEIGN
A10: 43402 | B10: HA2 | C10: 604820 | D10: INTERVENTION 18/10 | E10: 600 | F10: 0 | G10: =E10-F10 -> 600 | H10: PRESTATIONS DE SERVICE ENSEIGN
A11: 43392 | B11: HA2 | C11: 604820 | D11: ATELIER ACADEMIE DU PROF. V. SUBIAS 19/10 | E11: 500 | F11: 0 | G11: =E11-F11 -> 500 | H11: PRESTATIONS DE SERVICE ENSEIGN
A12: 43397 | B12: HA2 | C12: 604820 | D12: INTERVENTION 22 ET 23 OCTOBRE WEI | E12: 574 | F12: 0 | G12: =E12-F12 -> 574 | H12: PRESTATIONS DE SERVICE ENSEIGN
A13: 43419 | B13: HA2 | C13: 604820 | D13: INTERVENTION MY PIERRE 10, 11 ET 12 NOVEMBRE | E13: 375 | F13: 0 | G13: =E13-F13 -> 375 | H13: PRESTATIONS DE SERVICE ENSEIGN
... A701: 43425 | B701: OD | C701: 658000 | D701: ECART S/PREL MUTUELLE TR3 2018 | E701: 0 | F701: 0.13 | G701: =E701-F701 -> -0.13 | H701: Charges div.de gestion courant

Sheet Feuil3
A1: DATE | B1: JOURNAL | C1: CODE COMPTABLE | D1: LIBELLE ECRITURE | E1: DEBIT | F1: CREDIT | G1: SOLDE | H1: LIBELLE CODE COMPTABLE | I1: Libellé
A2: 43368 | B2: HA2 | C2: 658000 | D2: ECART SUR FACTURE LOGICIEL D'ORGANISATION | E2: 0.01 | F2: 0 | G2: 0.01 | H2: Charges div.de gestion courant
A3: 43369 | B3: FPE | C3: 657630 | D3: VIR SUCCESSION LESUEUR DE GIVRY | E3: 25000 | F3: 0 | G3: 25000 | H3: SUBVENTIONS FPE A FA
A4: 43369 | B4: HA | C4: 607400 | D4: CRITERION HISTOIRE DE FRANCE | E4: 500.39 | F4: 0 | G4: 500.39 | H4: LIVRES POUR CESSION FPE
A5: 43368 | B5: HA | C5: 607400 | D5: LIVRES CRITERION | E5: 1082.75 | F5: 0 | G5: 1082.75 | H5: LIVRES POUR CESSION FPE
A6: 43404 | B6: OD | C6: 658000 | D6: ECART S/PREL PREVOYANCE TR3 2018 | E6: 0.33 | F6: 0 | G6: 0.33 | H6: Charges div.de gestion courant
A7: 43425 | B7: OD | C7: 658000 | D7: ECART S/PREL MUTUELLE TR3 2018 | E7: 0 | F7: 0 | G7: -0.13 | H7: Charges div.de gestion courant
A8: 43420 | B8: OD | C8: 658000 | D8: ECART S/PREL URSSAF OCT | E8: 0.58 | F8: 0 | G8: 0.58 | H8: Charges div.de gestion courant
A9: 43420 | B9: HA | C9: 607400 | D9: HISTOIRE DE FRANCE RACONTEE | E9: 250.19 | F9: 0 | G9: 250.19 | H9: LIVRES POUR CESSION FPE

Sheet TCD
A3: Somme de SOLDE | B3: DATE
A4: Libellé | B4: sept | C4: oct | D4: nov | E4: Total général
A5: Annonces et insertions | B5: 2400.25 | C5: 5335.92 | D5: 1056.87 | E5: 8793.04
A6: Charges sociales | B6: 18393.01 | C6: 19121.41 | D6: 19137.96 | E6: 56652.38
A7: Documentation | B7: 34.89 | C7: 9.9 | D7: 25.9 | E7: 70.69
A8: Energie | B8: 542.43 | D8: 1581.2 | E8: 2123.63
A9: Entretien et réparations | B9: 216 | C9: 1020.77 | D9: 158.18 | E9: 1394.95
A10: Fournitures administratives; petit matériel | B10: 830.05 | C10: 887.98 | D10: 536.63 | E10: 2254.66
A11: Frais de campagne des dons | B11: 796.37 | C11: 2392.71 | D11: 15702.2 | E11: 18891.28
A12: Frais de communication | B12: -13.92 | C12: 186.74 | D12: 37050.38 | E12: 37223.2
A13: Frais postaux,internet et téléphone | B13: 2447.59 | C13: -7.91 | D13: 769.39 | E13: 3209.07
A14: Honoraires et frais d'actes | B14: 3022.28 | C14: 2503.2 | D14: 16488 | E14: 22013.48
A15: Inscription colloque | C15: 15 | D15: 94.16 | E15: 109.16
A16: Loyers immobiliers, locations | B16: 5765.39 | C16: 8035.89 | D16: 5580.89 | E16: 19382.17
A17: Maintenance informatique | B17: 47.34 | C17: 8176.92 | D17: 434.6 | E17: 8658.86
A18: Missions, réceptions, déplacements | B18: 1401.52 | C18: 2818.6 | D18: 2054.84 | E18: 6274.96
A19: Organisation salon | C19: 2500 | D19: 1490 | E19: 3990
A20: Prestations enseignement | B20: 1610 | C20: 2604 | D20: 535 | E20: 4749
A21: Primes d'assurance | D21: 3625.05 | E21: 3625.05
A22: Rémunérations du personnel | B22: 41049.65 | C22: 44357.54 | D22: 44966.29 | E22: 130373.48
A23: Services bancaires | B23: 1089.71 | C23: 356.7 | D23: 456.38 | E23: 1902.79
A24: Taxes sur les salaires et part. formation | B24: 4446.52 | C24: 4669.57 | D24: 4580.98 | E24: 13697.07
A25: (vide) | B25: 26583.15 | C25: 0.33 | D25: 250.64 | E25: 26834.12 | G25: Voir les vides en Feuil3
A26: Total général | B26: 110662.23 | C26: 104985.27 | D26: 156575.54 | E26: 372223.04
